 Dungeon Crawl Stone Soup version 0.31-a0-816-gd61d57ddb1 (webtiles) character file.

Game seed: 9380813089723779810

350 Revguard the Trooper (level 6, -3/52 HPs)
             Began as a Ghoul Fighter on Sept 22, 2023.
             Slain by an ogre
             ... wielding a +0 giant club
              (15 damage)
             ... on level 5 of the Dungeon.
             The game lasted 00:07:02 (3247 turns).

Revguard the Trooper (Ghoul Fighter)                Turns: 3247, Time: 00:07:02

Health: -3/52      AC:  9    Str: 20    XL:     6   Next: 60%
Magic:  15/15      EV: 10    Int:  3    God:
Gold:   209        SH:  5    Dex: 16    Spells: 5/5 levels left

rFire   + . .        a - +0 war axe
rCold   + . .        c - +0 buckler
rNeg    + + +        b - +0 scale mail
rPois   ∞            (no helmet)
rElec   .            w - +0 cloak
rCorr   .            u - +0 pair of gloves
SInv    +            (no boots)
Will    .....        (no amulet) Stlth
                     g - ring of protection from fire
HPRegen 0.00/turn    t - ring of Midsummer {MP+9 Dex+6 SInv}
MPRegen 0.14/turn

%: no passive effects
@: inhibited regen, invisible
A: claws 1, cold resistance 1, negative energy resistance 3, inhibited
regeneration, torment resistance 2, devour on kill
a: no special abilities


You were on level 5 of the Dungeon.
You visited 1 branch of the dungeon, and saw 5 of its levels.

You collected 209 gold pieces.

Inventory:

Hand Weapons
 a - a +0 war axe (weapon)
Armour
 b - a +0 scale mail (worn)
 c - a +0 buckler (worn)
 u - a +0 pair of gloves (worn)
 w - a +0 cloak (worn)
Jewellery
 g - a ring of protection from fire (left hand)
 t - the ring of Midsummer (right hand) {MP+9 Dex+6 SInv}
   (You found it on level 3 of the Dungeon)

   [ring of dexterity]

   Dex+6:     It affects your dexterity (+6).
   MP+9:      It affects your magic capacity (+9).
   SInv:      It lets you see invisible.
Wands
 q - a wand of flame (24) (quivered)
Scrolls
 d - a scroll of enchant armour {unknown}
 f - a scroll of blinking {unknown}
 i - a scroll of teleportation {unknown}
 l - a scroll of amnesia
 m - a scroll of revelation {unknown}
 p - a scroll of fear
 r - a scroll of poison {unknown}
 v - a scroll of brand weapon {unknown}
 x - a scroll of immolation {unknown}
 y - a scroll of enchant weapon {unknown}
Potions
 h - a potion of haste
 j - 2 potions of degeneration {unknown}
 k - a potion of cancellation
 n - a potion of brilliance
 s - 2 potions of heal wounds {unknown}


   Skills:
 + Level 4.0 Fighting
 * Level 3.2 Axes
 + Level 3.3 Armour
 + Level 1.6 Dodging
 * Level 3.8 Shields
 + Level 2.2 Invocations
 + Level 1.5 Evocations


You had 5 spell levels left.
You didn't know any spells.
Your spell library contained the following spells:

 Spells                   Type           Power      Damage    Failure   Level
 Cigotuvi's Dreadful Rot  Necr/Pois/Air  0%         N/A       97%         2
 Dispel Undead            Necr           0%         3d6       100%        4
 Death Channel            Necr           0%         N/A       100%        6


Dungeon Overview and Level Annotations

Branches:
Dungeon (5/15)
 Temple: D:4-7

Altars:


Innate Abilities, Weirdness & Mutations

You are immune to poison.
You have sharp fingernails.
Your flesh is cold resistant. (rC+)
You are immune to negative energy. (rN+++)
You do not regenerate when monsters are visible.
You are immune to unholy pain and torment.
You thrive by killing the living.


Message History

It is a scroll of amnesia.
You feel forgetful for a moment.
As you read the scroll labelled SAYPHO QOHA, it crumbles to dust.
It is a scroll of identify.
e - a potion of invisibility
As you read the scroll of identify, it crumbles to dust.
k - a potion of cancellation
As you read the scroll labelled OTHRAR ONOX, it crumbles to dust.
You assume a fearsome visage.
Nothing appears to happen.
It was a scroll of fear.
Okay, then.
There is a stone staircase leading down here.
You climb downwards.
Found a scroll of identify and 6 gold pieces.
There is a stone staircase leading up here.
o - a scroll of identify
There is a stone staircase leading up here.
You now have 209 gold pieces (gained 6).
Found a stone staircase leading down.
As you read the scroll of identify, it crumbles to dust.
n - a potion of brilliance
There is a stone staircase leading down here.
There is a stone staircase leading down here.
Found a ring mail.
Found a stone staircase leading up.
An ogre comes into view. It is wielding a +0 giant club.
Found a black potion.
The ogre shouts!
The ogre hits you with a +0 giant club!!
Ouch! That really hurt!
You hit the ogre.
The ogre is lightly wounded.
The ogre barely misses you.
You barely miss the ogre.
The ogre is lightly wounded.
The ogre attacks as it pursues you! The ogre hits you with a +0 giant club!
* * * LOW HITPOINT WARNING * * *
You fade into invisibility!
The ogre hits you with a +0 giant club!
You die...

..... #.#...# ..
..... #.#.#.##. .
......#.#.#... ..
......#.#.#..#..
......#.#.#...
#.........#.#
...........[## #.#
#...O@...# #.#
#.....##.# #.#
#.....##.# #.####
#.....##.# #....####
#....!##.# #........
...######.####....##
..<. #...##.....##
.... #.#.>.......#
#.#.###...###


You could see an ogre (unable to see you).

Vanquished Creatures
  A phantom (D:4)
  An orc priest (D:4)
  A hound (D:4)
  Ijyb (D:3)
  An orc wizard (D:4)
  An iguana (D:4)
  8 adders
  4 dart slugs
  3 orcs (D:4)
  3 bats
  8 endoplasms
  4 giant cockroaches
  4 goblins
  5 hobgoblins
  2 jackals (D:3)
  A quokka (D:1)
  7 ball pythons
  3 frilled lizards
  5 kobolds
  2 rats
65 creatures vanquished.

Notes
Turn   | Place    | Note
-------+----------+-------------------------------------------
     0 | D:1      | Revguard the Ghoul Fighter began the quest for the Orb.
     0 | D:1      | Reached XP level 1. HP: 19/19 MP: 0/0
   109 | D:1      | Reached XP level 2. HP: 26/26 MP: 1/1
   807 | D:2      | Reached XP level 3. HP: 31/31 MP: 2/2
   845 | D:2      | Identified the +2 flail of Parakoc {flame, Int+4}
   928 | D:2      | Reached skill level 1 in Invocations
  1037 | D:2      | Reached XP level 4. HP: 38/38 MP: 3/3
  1366 | D:3      | Noticed Ijyb
  1383 | D:3      | Killed Ijyb
  1384 | D:3      | Reached skill level 1 in Evocations
  1602 | D:3      | Identified the ring of Midsummer {MP+9 Dex+6 SInv}
  1694 | D:3      | Reached skill level 1 in Dodging
  1694 | D:3      | Reached XP level 5. HP: 43/46 MP: 5/5
  2252 | D:3      | Found a faded altar of an unknown god.
  2469 | D:4      | HP: 2/46 [iguana (11)]
  2702 | D:4      | Reached XP level 6. HP: 15/52 MP: 6/6
  3015 | D:4      | Reached skill level 4 in Fighting
  3206 | D:5      | Entered Level 5 of the Dungeon
  3247 | D:5      | Slain by an ogre

Illustrated notes

Levels and vault maps discovered:
D:1:      minmay_arrival_cross, layout_loops_ring, grunt_decor_arrowhead,
          minmay_surrounded
D:2:      layout_basic
D:3:      layout_loops_corners, chequers_ecumenical_altar_grove, st_stairs_9,
          serial_park_tiny_pond, nicolae_twisty_statue_hallways, uniq_ijyb
D:4:      layout_cave_pools
D:5:      layout_basic, minmay_misc_feat_hallway

Skill      XL: |  1  2  3  4  5  6 |
---------------+-------------------+-----
Axes           | 2 3 |  3.2
Shields        | 3 |  3.8
Invocations    | 1 2 |  2.2
Armour         | 3 |  3.3
Evocations     | 1 |  1.5
Dodging        | 1 |  1.6
Fighting       | 4 |  4.0

Action                     |  1- 3 |  4- 6 || total
---------------------------+-------+-------++-------
  Melee: War axe           |   107 |   137 ||   244
  Evoke: Wand              |       |     2 ||     2
    Use: Potion            |       |     3 ||     3
         Scroll            |       |     5 ||     5
 Armour: Scale mail        |    93 |   124 ||   217
  Dodge: Dodged            |    65 |    74 ||   139
  Block: Buckler           |    25 |    33 ||    58

Table legend: (Time is in decaauts)
 A = Elapsed time spent in this place.
 B = Non-inter-level travel time spent in this place.
 C = Inter-level travel time spent in this place.
 D = Time resting spent in this place.
 E = Time spent auto-exploring this place.
 F = Levels seen in this place.
 G = Mean time per level.
                   A        B        C        D        E       F      G
               +--------+--------+--------+--------+--------+-----+--------+
         Total |   3328 |   3222 |    106 |    148 |   2333 |   5 |  665.6 |
       Dungeon |   3328 |   3222 |    106 |    148 |   2333 |   5 |  665.6 |
               +--------+--------+--------+--------+--------+-----+--------+

Top non-repeatable levels by time:
     D:3: 1078 daAuts
     D:4: 834 daAuts
     D:1: 762 daAuts
     D:2: 610 daAuts
     D:5: 41 daAuts
